 Dungeon Crawl Stone Soup version 0.23.1 (webtiles) character file.

Game seed: 17360597491035073125

404 Chiseanne the Chopper (level 6, -1/50 HPs)
             Began as a Minotaur Monk on Mar 5, 2019.
             Killed by nerve-wracking pain
             ... invoked by an orc priest
              (12 damage)
             ... on level 3 of the Dungeon.
             The game lasted 00:04:10 (2618 turns).

Chiseanne the Chopper (Minotaur Monk)               Turns: 2618, Time: 00:04:11

Health: -1/50      AC:  5    Str: 16    XL:     6   Next: 56%
Magic:  5/5        EV: 13    Int: 11    God:
Gold:   146        SH:  0    Dex: 13    Spells: 5/5 levels left

rFire    . . .     SeeInvis .   s - +2 dagger (elec)
rCold    . . .     Gourm    .   (no shield)
rNeg     . . .     Faith    +   d - +0 ring mail
rPois    .         Spirit   .   (helmet restricted)
rElec    .         Reflect  .   (no cloak)
rCorr    .         Harm     .   (no gloves)
MR       .....                  (no boots)
Stlth    +.........             l - amulet of faith
HPRegen  0.16/turn              q - +3 ring of intelligence
MPRegen  0.09/turn              (no ring)

@: no status effects
A: retaliatory headbutt, hooves 1, horns 2, frail 1
a: no special abilities


You were on level 3 of the Dungeon.
You were not hungry.

You visited 1 branch of the dungeon, and saw 3 of its levels.

You collected 146 gold pieces.

Inventory:

Hand Weapons
 a - a +0 hand axe
 s - a +2 dagger of electrocution (weapon)
Missiles
 b - 25 bolts
 f - 130 stones (quivered)
 g - 38 sling bullets
 h - 4 tomahawks
 k - 59 arrows
Armour
 d - a +0 ring mail (worn)
Jewellery
 l - an amulet of faith (around neck)
 q - a +3 ring of intelligence (left hand)
Scrolls
 i - a scroll of identify
 j - a scroll of amnesia {unknown}
 n - a scroll of remove curse
 r - a scroll of enchant armour {unknown}
 t - a scroll of fear {unknown}
Potions
 e - a potion of flight {unknown}
 m - a potion of cancellation {unknown}
 o - a potion of curing {unknown}
 p - a potion of resistance {unknown}
 u - a potion of degeneration {unknown}
Comestibles
 c - 7 rations


   Skills:
 * Level 5.4 Fighting
 * Level 5.5 Axes
 * Level 3.7 Armour
 * Level 4.9 Dodging
 - Level 1.5 Stealth


You had 5 spell levels left.
You didn't know any spells.
Your spell library was empty.

Dungeon Overview and Level Annotations

Branches:
Dungeon (3/15)

Altars:


Innate Abilities, Weirdness & Mutations

You reflexively headbutt those who attack you in melee.
You have a pair of horns on your head.
You have large cloven feet.
You are frail. (-10% HP)


Message History

The orc priest calls down the wrath of Beogh upon you.
Beogh smites you!
* * * LOW HITPOINT WARNING * * *
Things that are here:
a +0 vampiric dagger; a +0 robe; an orc corpse You hit the orc priest but do no damage.
You headbutt the orc priest.
The orc priest is lightly wounded.
The orc priest hits you.
* * * LOW HITPOINT WARNING * * *
You closely miss the orc priest. You kick the orc priest.
The orc priest is lightly wounded.
The orc priest calls down the wrath of Beogh upon you.
Pain shoots through your body!
* * * LOW HITPOINT WARNING * * *
You closely miss the orc priest. You headbutt the orc priest.
The orc priest is heavily wounded.
The orc priest invokes the aid of Beogh against you.
Pain shoots through your body!
You die...

#.# #.... #.#
#... #.# #.. #.#
#.# #.# #.# #.#
#.# #.# #.#
#.#############.#
#.............@o#
#################


You could see an orc priest.

Vanquished Creatures
  Grinder (D:3)
  4 orc wizards (D:3)
  A gnoll (D:1)
  An adder (D:2)
  2 worms
  3 dart slugs
  3 leopard geckos
  2 orcs (D:3)
  A ball python (D:2)
  4 giant cockroaches
  4 goblins
  6 hobgoblins
  4 jackals (D:1)
  9 bats
  3 frilled lizards
  10 kobolds
  7 rats
65 creatures vanquished.

Notes
Turn   | Place    | Note
-------+----------+-------------------------------------------
     0 | D:1      | Chiseanne the Minotaur Monk began the quest for the Orb.
     0 | D:1      | Reached XP level 1. HP: 19/19 MP: 0/0
   156 | D:1      | Reached XP level 2. HP: 18/27 MP: 1/1
   160 | D:1      | Reached skill level 1 in Armour
   302 | D:1      | Reached XP level 3. HP: 32/33 MP: 2/2
  1391 | D:2      | Reached XP level 4. HP: 36/40 MP: 3/3
  1788 | D:3      | Noticed Grinder
  1808 | D:3      | HP: 1/41 [Grinder (5)]
  1810 | D:3      | Gained mutation: You are frail. (-10% HP) [potion of
                  | mutation]
  1810 | D:3      | Gained mutation: You have large cloven feet. [potion of
                  | mutation]
  1815 | D:3      | Killed Grinder
  1815 | D:3      | Reached skill level 5 in Fighting
  1815 | D:3      | Reached skill level 5 in Axes
  1815 | D:3      | Reached XP level 5. HP: 3/43 MP: 4/4
  1815 | D:3      | Reached XP level 6. HP: 4/50 MP: 5/5
  2618 | D:3      | Killed from afar by an orc priest

Skill      XL: |  1  2  3  4 |
---------------+-------------+-----
Armour         | 1 2 3 |  3.7
Fighting       | 4 5 |  5.4
Axes           | 4 5 |  5.5
Dodging        | 4 |  4.9
Stealth        | |  1.5

Action                   |  1- 3 |  4- 6 || total
-------------------------+-------+-------++-------
Melee: Hand axe          |    93 |    62 ||   155
       Headbutt          |    12 |    17 ||    29
       Kick              |       |    17 ||    17
       Dagger            |       |    18 ||    18
  Use: Scroll            |     3 |     4 ||     7
       Potion            |       |     4 ||     4
  Eat: Chunk             |       |     5 ||     5
Armor: Ring mail         |    28 |    19 ||    47
Dodge: Dodged            |    73 |    45 ||   118
